 Dungeon Crawl Stone Soup version 0.16-a0-4088-g7c8221e (webtiles) character file.

3549 Sixotanaka the Destroyer (level 9, -1/45 HPs)
             Began as a Deep Elf Fire Elementalist on Feb 22, 2015.
             Was a Priest of Vehumet.
             Slain by an unseen horror (8 damage)
             ... summoned by a shadow trap
             ... triggered by the player character
             ... on level 9 of the Dungeon.
             The game lasted 00:37:48 (9209 turns).

Sixotanaka the Destroyer (DEFE)                     Turns: 9209, Time: 00:37:48

Health: -1/45      AC: 14    Str:  5    XL:     9   Next: 83%
Magic:  3/26       EV: 13    Int: 24    God:    Vehumet [***...]
Gold:   407        SH:  0    Dex: 15    Spells: 5 memorised, 4 levels left

rFire  + . .     SeeInvis .     e - +3 flail (protect)
rCold  . . .     Clarity  .     F - +1 robe {rF+}
rNeg   . . .     SustAb   .     (no shield)
rPois  .         Gourm    .     (no helmet)
rElec  .         Spirit   .     A - +0 cloak
rCorr  .         Warding  .     a - +0 pair of gloves
rMut   .         Stasis   .     (no boots)
MR     .....                    E - amulet "Tyfuriur" {+Blink +Rage +Fly} (curse)
Stlth  ++........               (no ring)
                                G - +4 ring of protection

@: lethally poisoned (-1 -> -2), not resistant to hostile enchantments,
unstealthy
A: no striking features
a: Renounce Religion, Evoke Blink, Evoke Berserk Rage, Evoke Flight


You were on level 9 of the Dungeon.
You worshipped Vehumet.
Vehumet was most pleased with you.
You were very hungry.

You visited 1 branch of the dungeon, and saw 9 of its levels.

You collected 407 gold pieces.


   Skills:
 - Level 2.4 Dodging
 - Level 2.4 Stealth
 - Level 6.0 Spellcasting
 + Level 11.8 Conjurations
 - Level 9.3 Fire Magic


You had 4 spell levels left.
You knew the following spells:

 Your Spells              Type           Power        Failure   Level  Hunger
c - Sticky Flame          Conj/Fire      ######..     1%          4    ###....
v - Stone Arrow           Conj/Erth      #####.       1%          3    #......
x - Fireball              Conj/Fire      ######....   1%          5    #####..
y - Conjure Flame         Conj/Fire      ######..     1%          3    #......
z - Flame Tongue          Conj/Fire      #####        1%          1    None


Dungeon Overview and Level Annotations

Branches:
Dungeon (9/15)             Temple (0/1) D:7
   Lair: D:8-11         Orc: D:9-12

Altars:
Cheibriados
Gozag
Kikubaaqudgha
Makhleb
Okawaru
Qazlal
Ru
Sif Muna
Vehumet
Xom
Zin
The Shining One

Inventory:

Hand weapons
 e - a +3 flail of protection (weapon)
   (You took it off Edmund on level 4 of the Dungeon)
 j - a +0 spear of venom
   (You found it on level 1 of the Dungeon)
 t - a +2 dagger of draining
   (You took it off a kobold on level 3 of the Dungeon)
 w - a +1 morningstar of freezing
   (You took it off an orc priest on level 3 of the Dungeon)
Missiles
 K - 44 poisoned needles
 S - 2 throwing nets (quivered)
Armour
 a - a +0 pair of gloves (worn)
 A - a +0 cloak (worn)
 F - a +1 robe of fire resistance (worn)
   (You found it on level 3 of the Dungeon)
Jewellery
 E - the cursed amulet "Tyfuriur" (around neck) {+Blink +Rage +Fly}
   (You found it on level 4 of the Dungeon)

   [amulet of rage]

   It lets you fly.
   It lets you blink.
   It lets you go berserk.
   It has a curse placed upon it.
 G - a +4 ring of protection (left hand)
 H - an uncursed amulet of warding {unknown}
 N - an uncursed ring of protection from cold {unknown}
Magical devices
 y - a wand of magic darts (15)
 C - a wand of disintegration (13)
 T - a wand of lightning (4)
Scrolls
 d - a scroll of vulnerability {unknown}
 f - 3 scrolls of magic mapping
 g - 3 scrolls of recharging {unknown}
 h - 2 scrolls of teleportation {unknown}
 n - 2 scrolls of blinking
 p - 2 scrolls of enchant armour {unknown}
 q - 6 scrolls of remove curse {unknown}
 r - 4 scrolls of fog {unknown}
 I - 3 scrolls of identify {@r1}
 O - a scroll of noise {unknown}
 U - a scroll of enchant weapon {unknown}
Potions
 i - a potion of invisibility {unknown}
 k - a potion of haste {@q3}
 m - 3 potions of restore abilities
 o - 3 potions of curing {@q1}
 s - a potion of ambrosia {unknown}
 u - 4 potions of heal wounds {@q2}
 v - 2 potions of magic
 x - a potion of berserk rage {unknown}
 z - a potion of cancellation
 J - a potion of flight {unknown}
 M - 2 potions of degeneration {unknown}
 P - a potion of mutation {unknown}
 Q - a potion of brilliance {unknown}
Books
 b - a book of Flames
 L - a book of Changes
 R - the Volume of Lucky Lightness
   (You found it on level 7 of the Dungeon)

   Spells                             Type                      Level
   a - Swiftness                      Charms/Air                   2
   b - Flight                         Charms/Air                   3
   c - Airstrike                      Air                          4
   d - Summon Lightning Spire         Summoning/Air                4
   e - Poisonous Cloud                Conjuration/Poison/Air       6
Comestibles
 c - 7 bread rations
 l - 2 meat rations
 B - a fruit

......#...###
#....#.....#
#....#..##.##
.#....#..#...
#.#.......#..#
#.#.####.##..#
#.#....#^##..#
#.####.#.##..#
...###......#.@...#
#......#######.##
###.##.#.#######.#
#.........#...##.#
...#.####.......#..
# #..[..#.##.###
#.###...# # #<....#
#.###.#


There were no monsters in sight!


Message History

The wyvern bites you!
The sticky flame hits the wyvern.
The wyvern is covered in liquid flames!
You feel sick.
The wyvern burns!
The wyvern bites you but does no damage.
The hobgoblin misses you.
Aim: a wyvern (moderately wounded, covered in liquid flames, summoned)
The sticky flame hits the wyvern.
The wyvern is covered in liquid flames!
You are feeling hungry.
You feel sick.
The wyvern burns!
The wyvern bites you but does no damage.
The hobgoblin hits you with a club. The wyvern bites you.
Aim: a wyvern (severely wounded, covered in liquid flames, summoned)
The sticky flame hits the wyvern.
The wyvern is covered in liquid flames!
You feel sick.
The wyvern burns!
The wyvern bites you but does no damage.
The hobgoblin barely misses you.
Aim: a wyvern (almost dead, covered in liquid flames, summoned)
The sticky flame hits the wyvern.
You kill the wyvern!
The wyvern's corpse disappears in a puff of smoke!
You feel sick.
You see here 2 potions of heal wounds {@q2}.
u - 4 potions of heal wounds {@q2} (gained 2)
The hobgoblin hits you but does no damage.
You feel sick.
You feel sick.
The sticky flame hits the hobgoblin.
You kill the hobgoblin!
The hobgoblin's corpse disappears in a puff of smoke!
Something hits you but does no damage. x2
Okay, then.
You barely miss something.
You feel sick. Something completely misses you.
The centaur shoots a poisoned arrow.
The poisoned arrow barely misses you.
The poisoned arrow disappears in a puff of smoke!
The centaur shoots a poisoned arrow.
The poisoned arrow completely misses you.
The poisoned arrow disappears in a puff of smoke!
Something barely misses you.
The centaur unwields an uncursed shortbow.
The centaur hits you.
* * * LOW HITPOINT WARNING * * *
The sticky flame hits the centaur.
The centaur is covered in liquid flames!
You are feeling very hungry.
The centaur burns!
The centaur hits you.
* * * LOW HITPOINT WARNING * * *
Something hits you but does no damage.
Aim: a centaur (heavily wounded, covered in liquid flames, summoned)
The sticky flame hits the centaur.
The centaur is covered in liquid flames!
You feel sick.
The centaur burns!
Something hits you.
* * * LOW HITPOINT WARNING * * *
The centaur completely misses you. The centaur barely misses you.
You don't have enough magic to cast that spell.
You hit the centaur.
You kill the centaur!
The centaur's corpse disappears in a puff of smoke!
Something hits you but does no damage. Something hits you but does no damage.
You start resting.
You feel sick. Something hits you but does no damage.
Unknown command.
You start resting.
Something hits you.
* * * LOW HITPOINT WARNING * * *
Something hits you but does no damage. Something hits you but does no damage.
Something hits you but does no damage.
You feel sick. Something hits you but does no damage.
You closely miss something. Something hits you but does no damage.
Something hits you!
You die...

Action                   |  1- 3 |  4- 6 |  7- 9 || total
-------------------------+-------+-------+-------++-------
Melee: Dagger            |     4 |       |       ||     4
       Spear             |     7 |    15 |       ||    22
       Flail             |       |       |     6 ||     6
 Cast: Flame Tongue      |    81 |   122 |   217 ||   420
       Conjure Flame     |     1 |     6 |    12 ||    19
       Fireball          |       |       |    21 ||    21
       Sticky Flame      |       |       |    20 ||    20
       Stone Arrow       |       |       |    10 ||    10
Evoke: Wand              |       |       |     4 ||     4
  Use: Scroll            |     2 |     7 |     3 ||    12
  Eat: Chunk             |     2 |     7 |    16 ||    25
       Fruit             |       |     1 |     2 ||     3
       Meat ration       |       |     1 |       ||     1
       Pizza             |       |       |     1 ||     1

Vault maps used:
D:1:      matt_arrival_los_fun, st_stairs_13, minmay_cut_off
D:2:      gammafunk_temple_overflow_forgotten, nicolae_overflow_crystal_walls,
          minmay_shallow_snake_nest, uniq_terence
D:3:      vehumet_crystals, old_standard_altar
D:4:      sigmund_edmund_badplayer
D:5:      hangedman_ru_absence, first_bread
D:6:      grunt_temple_overflow_gold_and_silver, okawaru_ov_weapons_minmay,
          minmay_small_thing, uniq_menkaure
D:7:      minmay_temple_entry_glass, minmay_holes
D:8:      lemuel_round_altar, tgw_sif, uniq_prince_ribbit1
D:9:      minmay_separated_statues, elyvilon_altar_1, special_room,
          grunt_pizzeria

Notes
Turn   | Place    | Note
--------------------------------------------------------------
     0 | D:1      | Sixotanaka, the Deep Elf Fire Elementalist, began the quest for the Orb.
     0 | D:1      | Reached XP level 1. HP: 10/10 MP: 5/5
   330 | D:1      | Reached XP level 2. HP: 12/15 MP: 6/8
   510 | D:1      | Reached skill level 4 in Fire Magic
   533 | D:1      | Reached skill level 2 in Conjurations
   978 | D:1      | Reached XP level 3. HP: 19/19 MP: 7/10
   983 | D:1      | Learned a level 3 spell: Conjure Flame
  1627 | D:2      | Noticed Terence
  1653 | D:2      | Killed Terence
  1653 | D:2      | Reached skill level 3 in Conjurations
  1653 | D:2      | Reached XP level 4. HP: 24/24 MP: 10/13
  1777 | D:2      | HP: 4/24 [worm (9)]
  2239 | D:2      | Found a burning altar of Makhleb.
  2239 | D:2      | Found a snail-covered altar of Cheibriados.
  2239 | D:2      | Found a shimmering altar of Xom.
  2248 | D:2      | Found a stormy altar of Qazlal.
  2604 | D:3      | Found a radiant altar of Vehumet.
  2616 | D:3      | Became a worshipper of Vehumet
  2689 | D:3      | Found an ancient bone altar of Kikubaaqudgha.
  2703 | D:3      | Reached XP level 5. HP: 28/28 MP: 11/16
  2715 | D:3      | Reached skill level 4 in Conjurations
  2763 | D:3      | Reached skill level 5 in Fire Magic
  3068 | D:4      | Learned a level 5 spell: Fireball
  3341 | D:4      | Got a sparkling diamond amulet
  3437 | D:4      | Identified the amulet "Tyfuriur" {+Blink +Rage +Fly} (You found it on level 4 of the Dungeon)
  3530 | D:3      | Reached XP level 6. HP: 18/32 MP: 14/18
  3687 | D:4      | Acquired Vehumet's first power
  3687 | D:4      | Offered knowledge of Sting by Vehumet.
  3722 | D:4      | HP: 8/32 [orc priest/divine providence (14)]
  3967 | D:3      | Reached skill level 5 in Conjurations
  4617 | D:4      | Noticed Edmund
  4625 | D:4      | Killed Edmund
  4625 | D:4      | Reached skill level 6 in Fire Magic
  4704 | D:4      | Noticed Sigmund
  4718 | D:4      | Killed Sigmund
  4718 | D:4      | Reached XP level 7. HP: 22/36 MP: 6/20
  4889 | D:5      | Entered Level 5 of the Dungeon
  4920 | D:5      | Reached skill level 6 in Conjurations
  5038 | D:5      | Reached skill level 7 in Fire Magic
  5182 | D:5      | Found a sacrificial altar of Ru.
  5649 | D:5      | Learned a level 4 spell: Sticky Flame
  5769 | D:5      | Reached skill level 7 in Conjurations
  6001 | D:6      | Offered knowledge of Shock by Vehumet.
  6009 | D:6      | Reached XP level 8. HP: 41/41 MP: 16/22
  6095 | D:6      | Reached skill level 8 in Fire Magic
  6314 | D:6      | Noticed Menkaure
  6322 | D:6      | Reached skill level 8 in Conjurations
  6343 | D:6      | Found an iron altar of Okawaru.
  6362 | D:6      | Killed Menkaure
  6556 | D:6      | Reached skill level 9 in Fire Magic
  7008 | D:6      | Found an opulent altar of Gozag.
  7008 | D:6      | Found a glowing silver altar of Zin.
  7127 | D:7      | Identified the Volume of Lucky Lightness
  7208 | D:7      | Reached skill level 4 in Spellcasting
  7208 | D:7      | Reached skill level 9 in Conjurations
  7348 | D:7      | Offered knowledge of Stone Arrow by Vehumet.
  7348 | D:7      | Reached XP level 9. HP: 45/45 MP: 3/24
  7475 | D:7      | Found a staircase to the Ecumenical Temple.
  7539 | D:7      | Reached skill level 5 in Spellcasting
  8186 | D:8      | Learned a level 3 spell: Stone Arrow
  8204 | D:8      | Reached skill level 6 in Spellcasting
  8245 | D:8      | Acquired Vehumet's second power
  8249 | D:8      | Reached skill level 10 in Conjurations
  8497 | D:8      | Noticed Blork the orc
  8507 | D:8      | Killed Blork the orc
  8603 | D:8      | Found a deep blue altar of Sif Muna.
  8664 | D:8      | Noticed Prince Ribbit
  8670 | D:8      | Killed Prince Ribbit
  8670 | D:8      | Reached skill level 11 in Conjurations
  8785 | D:8      | Found a glowing golden altar of the Shining One.
  8897 | D:8      | Offered knowledge of Mephitic Cloud by Vehumet.
  9199 | D:9      | HP: 10/45 [something (4)]
  9206 | D:9      | HP: 6/45 [poisoned by a centaur]
  9209 | D:9      | Slain by an unseen horror

Vanquished Creatures
  Prince Ribbit (D:8)
  A wyvern (D:9)
  Edmund (D:4)
  Menkaure (D:6)
  A water moccasin (D:8)
  2 orc warriors
  4 sky beasts
  A necrophage (D:6)
  5 ogres
  2 centaurs
  Sigmund (D:4)
  A gnoll sergeant (D:7)
  Blork the orc (D:8)
  4 giant frogs
  A scorpion (D:8)
  9 killer bees
  2 goliath beetles
  A jelly (D:8)
  4 orc priests
  A giant frog skeleton (D:5)
  2 iguanas
  A hound (D:8)
  3 orc wizards
  9 worker ants
  Terence (D:2)
  A hound skeleton (D:6)
  3 gnolls (D:7)
  11 adders
  3 giant mites
  A shadow imp (D:5)
  7 worms
  8 giant geckos
  An ooze (D:3)
  10 orcs
  8 ball pythons (D:2)
  15 bats
  7 giant cockroaches
  14 hobgoblins
  4 jackals
  3 quokkas
  A giant newt (D:2)
  13 goblins
  A jackal skeleton (D:8)
  15 kobolds
  A quokka zombie (D:7)
  18 rats
205 creatures vanquished.
